 Dungeon Crawl Stone Soup version 0.29.1-15-g9cfb28693d (webtiles) character file.

Game seed: 7769265547637033436

2 BattleRest the Caller (level 1, 0/14 HPs)
             Began as a Hill Orc Summoner on Mar 1, 2023.
             Succumbed to a kobold's poison
             ... on level 1 of the Dungeon.
             The game lasted 00:01:16 (355 turns).

BattleRest the Caller (Hill Orc Summoner)            Turns: 355, Time: 00:01:17

Health: 0/14       AC:  2    Str: 10    XL:     1   Next: 40%
Magic:  2/3        EV: 12    Int: 15    God:
Gold:   28         SH:  0    Dex: 11    Spells: 2/3 levels left

rFire   . . .      SeeInvis .   (no weapon)
rCold   . . .      Faith    .   (no shield)
rNeg    . . .      Spirit   .   a - +0 robe
rPois   .          Reflect  .   (no helmet)
rElec   .          Harm     .   (no cloak)
rCorr   .          Rampage  .   (no gloves)
Will    .....                   (no boots)
Stlth   ++........              (no amulet)
HPRegen 0.04/turn               (no ring)
MPRegen 0.08/turn               (no ring)

@: lethally poisoned (0 -> -1)
A: no striking features
a: no special abilities


You were on level 1 of the Dungeon.
You visited 1 branch of the dungeon, and saw 1 of its levels.

You collected 28 gold pieces.

Inventory:

Armour
 a - a +0 robe (worn)
Scrolls
 c - a scroll of identify {unknown}
Potions
 b - a potion of magic
 d - a potion of curing {unknown}


   Skills:
 + Level 1.6 Dodging
 + Level 1.6 Stealth
 + Level 1.6 Spellcasting
 + Level 4.0 Summonings


You had 2 spell levels left.
You knew the following spells:

 Your Spells              Type           Power      Damage    Failure   Level
a - Summon Small Mammal   Summ           52%        N/A       4%          1

Your spell library contained the following spells:

 Spells                   Type           Power      Damage    Failure   Level
 Call Imp                 Summ           13%        N/A       7%          2
 Call Canine Familiar     Summ           13%        N/A       13%         3
 Summon Guardian Golem    Hex/Summ       7%         N/A       30%         3
 Summon Lightning Spire   Summ/Air       7%         N/A       69%         4


Dungeon Overview and Level Annotations

Branches:
Dungeon (1/15)

Altars:


Message History

Casting: Summon Small Mammal (safe; 4% risk of failure)
Confirm with . or Enter, or press ? or * to list all spells.
The rat completely misses you.
You swap places.
Your rat bites the rat.
The rat twitches its whiskers.
The rat barely misses your rat. The rat completely misses your rat.
Your rat closely misses the rat.
You hit the rat.
You kill the rat!
A kobold comes into view. It is wielding a +2 dagger of venom.
A kobold is nearby!
You swap places.
You start waiting.
Your rat disappears in a puff of smoke!
Done waiting.
Found a club.
Found a glowing helmet.
The kobold shouts!
The kobold throws a stone.
The stone closely misses you.
Casting: Summon Small Mammal (safe; 4% risk of failure)
Confirm with . or Enter, or press ? or * to list all spells.
The kobold hits you with a +2 dagger of venom.
You are poisoned.
You swap places.
You feel sick.
The kobold throws a stone.
The stone barely misses your rat. The stone barely misses you.
Your rat misses the kobold.
You feel sick. The kobold misses your rat.
Your rat barely misses the kobold.
You feel sick.
Your rat barely misses the kobold.
The kobold throws a stone.
The stone barely misses your rat. The stone hits you.
You feel sick.
The kobold throws a stone.
The stone closely misses your rat. The stone hits you.
* * * LOW HITPOINT WARNING * * *
Your rat closely misses the kobold.
* * * LOW HITPOINT WARNING * * *
You feel sick.
The kobold throws a stone.
The stone closely misses your rat. The stone misses you.
Your rat misses the kobold.
* * * LOW HITPOINT WARNING * * *
You feel sick.
Your rat bites the kobold.
The kobold completely misses your rat.
You die...

.... .......K.......
.... ...[...r....#
#.. ............# #.#
....###.#+#.#
###.#### ... #.# #
.......# #######.#
....##.###....##.#
........##....##.#
#.†.....##....##@#
#........#....##.#
#......#.#....##.#
#........+†......#
#..#...#.#....####.
#..#.................
#..#.#####...######..
#..#.....#..........
#..#..##.#.#........


You could see a friendly rat (summoned).

Vanquished Creatures
  A rat (D:1)
1 creature vanquished.

Vanquished Creatures (collateral kills)
  A bat (D:1)
  A frilled lizard (D:1)
  A rat (D:1)
3 creatures vanquished.

Grand Total: 4 creatures vanquished

Notes
Turn   | Place    | Note
-------+----------+-------------------------------------------
     0 | D:1      | BattleRest the Hill Orc Summoner began the quest for the
                  | Orb.
     0 | D:1      | Reached XP level 1. HP: 14/14 MP: 3/3
   355 | D:1      | Succumbed to a kobold's poison

Illustrated notes

Levels and vault maps discovered:
D:1:      lordsloth_arrival_two_stooges, layout_basic, serial_shops,
          nicolae_shop_behind_doors, minmay_unequal

Action                   || total
-------------------------++-------
Melee: Unarmed           ||    10
 Cast: Summon Small Mamm ||     7
Armor: Robe              ||     6
Dodge: Dodged            ||    19
